 Dungeon Crawl Stone Soup version 0.18.1-47-g9310371 (webtiles) character file.

26527 mindo the Blocker (level 12, 0/112 HPs)
             Began as a Minotaur Fighter on June 12, 2016.
             Was a Priest of the Shining One.
             Slain by an elephant (11 damage)
             ... while paralysed
             ... on level 5 of the Lair of Beasts on June 13, 2016.
             The game lasted 02:17:59 (14871 turns).

mindo the Blocker (Minotaur Fighter)               Turns: 14871, Time: 02:17:59

Health: 0/112      AC: 15    Str: 26    XL:     12   Next: 99%
Magic:  11/11      EV:  2    Int:  5    God:    the Shining One [***...]
Gold:   987        SH:  0    Dex: 19    Spells: 0 memorised, 11 levels left

rFire  . . .     SeeInvis .     M - +2 long sword (holy)
rCold  . . .     Gourm    .     N - +0 plate armour
rNeg   + . .     Faith    .     c - +0 shield
rPois  +         Spirit   .     (helmet restricted)
rElec  .         Dismiss  .     Q - +0 cloak {MR+}
rCorr  .         Reflect  .     (no gloves)
SustAt .         Harm     .     b - +0 pair of boots
MR     +....                    (no amulet)
Stlth  ..........               j - ring of poison resistance
                                h - +4 ring of dexterity

@: paralysed, mighty, fainting, glowing, somewhat resistant to hostile
enchantments, extremely unstealthy
A: retaliatory headbutt, horns 2
a: Divine Shield, Renounce Religion


You were on level 5 of the Lair of Beasts.
You worshipped the Shining One.
The Shining One was most pleased with you.
You were fainting.

You visited 3 branches of the dungeon, and saw 16 of its levels.
You also visited: Ossuary.

You collected 987 gold pieces.

Inventory:

Hand Weapons
 M - a +2 long sword of holy wrath (weapon)
 R - a +0 blowgun
Missiles
 S - 6 curare-tipped needles
Armour
 b - a +0 pair of boots (worn)
 c - a +0 shield (worn)
 N - a +0 plate armour (worn)
 Q - a +0 cloak of magic resistance (worn)
Magical Staves
 C - an uncursed staff of power
Jewellery
 g - an uncursed ring of protection from cold
 h - a +4 ring of dexterity (left hand)
 j - a ring of poison resistance (right hand)
 o - a cursed amulet of magic regeneration
 s - an uncursed ring of protection from magic {unknown}
 W - an uncursed ring of see invisible
Wands
 v - a wand of lightning (8/15)
 x - a wand of teleportation (4/9)
 E - a wand of slowing (9/48)
 L - a wand of digging (3/24)
 U - a wand of iceblast (8/15)
 Y - a wand of acid (4/15)
Scrolls
 d - 3 scrolls of enchant weapon {unknown}
 e - a scroll of holy word {unknown}
 k - 3 scrolls of blinking
 m - 3 scrolls of recharging
 p - 6 scrolls of teleportation
 t - 4 scrolls of immolation
 y - 3 scrolls of fear {unknown}
 z - 2 scrolls of magic mapping {unknown}
 A - 4 scrolls of remove curse
 D - a scroll of enchant armour {unknown}
 I - 2 scrolls of amnesia {unknown}
 J - 4 scrolls of vulnerability
 P - 2 scrolls of fog {unknown}
Potions
 i - 2 potions of lignification
 n - a potion of berserk rage {unknown}
 q - a potion of mutation
 u - a potion of cancellation
 G - 7 potions of curing
 H - 2 potions of flight {unknown}
 V - 2 potions of cure mutation
 X - a potion of invisibility
 Z - a potion of resistance {unknown}
Books
 l - a book of the Dragon

   Spells                             Type                      Level
   a - Flame Tongue                   Conjuration/Fire             1
   b - Cause Fear                     Hexes                        4
   c - Bolt of Fire                   Conjuration/Fire             6
   d - Dragon Form                    Transmutation                7
   e - Dragon's Call                  Summoning                    9
 r - a book of Annihilations

   Spells                             Type                      Level
   a - Poison Arrow                   Conjuration/Poison           6
   b - Chain Lightning                Conjuration/Air              8
   c - Lehudib's Crystal Spear        Conjuration/Earth            8
   d - Glaciate                       Conjuration/Ice              9
   e - Fire Storm                     Conjuration/Fire             9
 w - a book of Spatial Translocations

   Spells                             Type                      Level
   a - Apportation                    Translocation                1
   b - Blink                          Translocation                2
   c - Shroud of Golubria             Charms/Translocation         2
   d - Portal Projectile              Translocation                3
   e - Teleport Other                 Translocation                3
   f - Passage of Golubria            Translocation                4
 T - a book of the Sky

   Spells                             Type                      Level
   a - Summon Lightning Spire         Summoning/Air                4
   b - Airstrike                      Air                          4
   c - Silence                        Hexes/Air                    5
   d - Deflect Missiles               Charms/Air                   6
   e - Conjure Ball Lightning         Conjuration/Air              6
   f - Tornado                        Air                          9
Comestibles
 a - 3 beef jerkies
 f - 2 bread rations
 B - a meat ration
 F - 6 royal jellies


   Skills:
 * Level 12.2 Fighting
 + Level 13.4 Long Blades
 - Level 6.5 Armour
 + Level 8.6 Dodging
 - Level 5.0 Stealth
 * Level 14.4 Shields
 - Level 0.1 Evocations


You had 11 spell levels left.
You didn't know any spells.

Dungeon Overview and Level Annotations

Branches:
Dungeon (10/15)            Temple (1/1) D:5            Lair (5/8) D:10
  Swamp: Lair:3-6    Shoals: Lair:3-6     Snake: Lair:3-6    Spider: Lair:3-6
    Orc: D:9-12

Altars:
Ashenzari
Cheibriados
Dithmenos
Elyvilon
Fedhas
Gozag
Kikubaaqudgha
Makhleb
Nemelex Xobeh
Okawaru
Pakellas
Qazlal
Ru
Trog
Xom
Yredelemnul
Zin
The Shining One

Shops:
D:9 :

Annotations:
D:7 Prince Ribbit
D:8 Gastronok


Innate Abilities, Weirdness & Mutations

You reflexively headbutt those who attack you in melee.
You have a pair of horns on your head.


Message History

You kill the elephant!
You block the elephant's attack. x2
You slice the elephant!!
The elephant is moderately wounded.
You lose consciousness!
The elephant tramples you but does no damage.
The elephant trunk-slaps you but does no damage.
You feel less woody.
Your +0 cloak of magic resistance unmelds from your body.
Your +0 pair of boots unmelds from your body.
Your +0 plate armour unmelds from your body.
You feel resistant to hostile enchantments.
The elephant tramples you!
* * * LOW HITPOINT WARNING * * *
You stumble backwards!
The elephant tramples you.
* * * LOW HITPOINT WARNING * * *
You stumble backwards!
The elephant tramples you!
You die...

...# #..# ...#
##...## ...#
#.#...# .).#
#.....# ...#
#....## ..###
##....# $...#
##...# ....# #...#
†Y.## #.@## ..##
##Y.#
...###########...#
...#.##..#P##.†..##
.....†...........P#
.....##...PP.##..##
..########..###..#
..# #### #..## ..P
##..P#


You could see an elephant.

Vanquished Creatures
  Nessos (Lair:5)
  Josephine (Lair:5)
  Harold (D:10)
  Sonja (D:10)
  Nergalle (Lair:1)
  5 elephants (Lair:5)
  The ghost of Edgemaster the Ducker, a novice OgFE of Ru (D:5)
  Joseph (D:9)
  2 black mambas
  5 spiny frogs
  A rime drake (Lair:5)
  3 komodo dragons
  2 polar bears
  A queen bee (Lair:3)
  A queen bee (shapeshifter) (D:9)
  A troll (D:10)
  A two-headed ogre (D:9)
  6 blink frogs
  5 wraiths (Lair:5)
  28 yaks
  5 basilisks
  2 hungry ghosts
  A steam dragon (Lair:5)
  4 hippogriffs
  Menkaure (D:7)
  9 water moccasins
  7 porcupines
  5 orc warriors (D:9)
  A phantom (D:9)
  A black bear (D:9)
  2 sky beasts
  2 wasps (D:9)
  4 ogres
  An eye of draining (D:10)
  2 ice beasts
  A necrophage (D:7)
  A wolf (D:9)
  5 centaurs
  8 crocodiles
  4 big kobolds
  An elf zombie (Ossuary)
  12 giant frogs
  2 scorpions (D:10)
  16 killer bees
  4 wights
  3 vampire bats (Lair:3)
  A howler monkey (D:4)
  9 crimson imps
  2 giant frog zombies
  A centaur zombie (D:7)
  7 hounds
  A quasit (D:7)
  2 orc priests
  Crazy Yiuf (D:4)
  A giant frog skeleton (D:6)
  Jessica (D:2)
  13 iguanas
  6 orc wizards
  Natasha (D:3)
  5 worker ants
  7 sheep (Lair:3)
  4 big kobold zombies (Ossuary)
  2 mummies (Ossuary)
  Robin (D:2)
  4 gnolls (D:3)
  29 river rats
  8 adders
  2 shadow imps (D:10)
  A white imp (D:9)
  3 oozes
  An adder zombie (Ossuary)
  2 adder skeletons
  2 worms (D:2)
  A dart slug (D:1)
  6 giant geckos
  34 orcs
  2 ball pythons
  7 giant cockroaches
  6 hobgoblins
  9 jackals
  4 quokkas
  13 bats
  A giant gecko skeleton (D:3)
  5 giant newts
  10 goblins
  A goblin zombie (Ossuary)
  7 hobgoblin zombies (Ossuary)
  A jackal zombie (Ossuary)
  18 kobolds
  11 kobold zombies (Ossuary)
  8 orc zombies (Ossuary)
  2 quokka skeletons
  8 rats
  3 rat zombies (Ossuary)
  A fungus (Lair:3)
  2 plants
449 creatures vanquished.

Vanquished Creatures (others)
  A river rat (Lair:1)
  3 bushes (D:10)
  2 fungi (D:10)
  5 plants
11 creatures vanquished.

Grand Total: 460 creatures vanquished

Notes
Turn   | Place    | Note
--------------------------------------------------------------
     0 | D:1      | mindo the Minotaur Fighter began the quest for the Orb.
     0 | D:1      | Reached XP level 1. HP: 19/19 MP: 0/0
   176 | D:1      | Reached XP level 2. HP: 22/27 MP: 1/1
   328 | D:1      | Reached skill level 4 in Shields
   332 | D:1      | Reached XP level 3. HP: 28/33 MP: 2/2
   729 | D:2      | Reached skill level 1 in Dodging
   995 | D:2      | Noticed Robin
  1010 | D:2      | Reached XP level 4. HP: 29/40 MP: 3/3
  1130 | D:2      | Found a basalt altar of Yredelemnul.
  1144 | D:2      | Found a burning altar of Makhleb.
  1251 | D:2      | Killed Robin
  1269 | D:2      | Got an encrusted helmet
  1377 | D:2      | Noticed Jessica
  1380 | D:2      | Killed Jessica
  1380 | D:2      | Reached XP level 5. HP: 47/47 MP: 4/4
  1590 | D:3      | Found a sacrificial altar of Ru.
  2058 | D:3      | Reached skill level 5 in Armour
  2289 | D:3      | Noticed Natasha
  2292 | D:3      | Killed Natasha
  2292 | D:3      | Reached XP level 6. HP: 53/53 MP: 5/5
  2822 | D:5      | Entered Level 5 of the Dungeon
  2827 | D:5      | Reached skill level 5 in Shields
  2941 | D:4      | Got an ichor-stained ring mail
  3036 | D:4      | Found a glowing silver altar of Zin.
  3036 | D:4      | Noticed an angel
  3172 | D:4      | Reached XP level 7. HP: 47/60 MP: 6/6
  3234 | D:4      | Noticed Crazy Yiuf
  3250 | D:4      | Killed Crazy Yiuf
  3250 | D:4      | Reached skill level 5 in Long Blades
  3712 | D:5      | Reached skill level 5 in Fighting
  3764 | D:5      | Noticed Edgemaster's ghost (novice OgFE)
  3790 | D:5      | Gained mutation: Your flesh is heat resistant. [potion of mutation]
  3790 | D:5      | Gained mutation: You regenerate slowly when monsters are visible. [potion of mutation]
  3790 | D:5      | Gained mutation: You are resistant to hostile enchantments. [potion of mutation]
  4256 | D:5      | Found a staircase to the Ecumenical Temple.
  4278 | Temple   | Entered the Ecumenical Temple
  4666 | D:5      | Killed Edgemaster's ghost
  4666 | D:5      | Reached skill level 6 in Shields
  4666 | D:5      | Reached XP level 8. HP: 68/70 MP: 7/7
  5134 | D:6      | Reached skill level 5 in Dodging
  5134 | D:6      | Reached skill level 1 in Stealth
  5312 | D:6      | Reached skill level 7 in Shields
  5693 | D:7      | Found a stormy altar of Qazlal.
  5727 | D:7      | Found an ancient bone altar of Kikubaaqudgha.
  5749 | D:7      | Reached XP level 9. HP: 75/78 MP: 8/8
  5869 | D:7      | Noticed Menkaure
  5870 | D:7      | Lost mutation: You regenerate slowly when monsters are visible. [potion of cure mutation]
  5870 | D:7      | Lost mutation: You are resistant to hostile enchantments. [potion of cure mutation]
  5870 | D:7      | Lost mutation: Your flesh is heat resistant. [potion of cure mutation]
  5900 | D:7      | Killed Menkaure
  6514 | D:7      | Noticed Prince Ribbit
  6582 | D:7      | Reached skill level 8 in Shields
  6692 | D:8      | Noticed Gastronok
  6945 | D:8      | Found a sand-covered staircase.
  6953 | Ossuary  | Entered an ossuary
  7502 | D:9      | Reached skill level 9 in Shields
  7651 | D:9      | Found a glowing golden altar of the Shining One.
  7652 | D:9      | Found a burning altar of Makhleb.
  7659 | D:9      | Became a worshipper of the Shining One
  7761 | D:9      | Upgraded the game from 0.18.1-8-gdd0e5ea to 0.18.1-47-g9310371
  7939 | D:9      | Noticed Joseph
  7958 | D:9      | Killed Joseph
  7958 | D:9      | Reached XP level 10. HP: 44/87 MP: 9/9
  8450 | D:9      | Found Gaxt's Book Emporium.
  8841 | D:9      | Found a blossoming altar of Fedhas.
  8977 | D:9      | Reached * piety under the Shining One
  9360 | D:9      | Reached skill level 10 in Long Blades
  9367 | D:9      | Reached skill level 10 in Shields
  9725 | D:10     | Entered Level 10 of the Dungeon
  9793 | D:10     | Noticed Sonja
  9807 | D:10     | Killed Sonja
 10154 | D:10     | Reached ** piety under the Shining One
 10162 | D:10     | Reached XP level 11. HP: 91/96 MP: 10/10
 10204 | D:10     | Noticed Harold
 10233 | D:10     | Reached skill level 11 in Shields
 10288 | D:10     | Killed Harold
 10440 | D:10     | Found a staircase to the Lair.
 10466 | Lair:1   | Entered Level 1 of the Lair of Beasts
 10495 | Lair:1   | Reached skill level 10 in Fighting
 10583 | Lair:1   | Noticed Nergalle
 10600 | Lair:1   | Noticed a spectral orc warlord
 10873 | Lair:1   | Reached skill level 12 in Shields
 11052 | Lair:1   | Got a bloodstained robe
 11160 | Lair:1   | Killed Nergalle
 11680 | Lair:2   | Reached XP level 12. HP: 91/108 MP: 11/11
 11899 | Lair:2   | Got a dazzling leather armour
 11960 | Lair:2   | Found a snail-covered altar of Cheibriados.
 12406 | Lair:2   | Reached skill level 13 in Shields
 12503 | Lair:3   | Reached *** piety under the Shining One
 13526 | Lair:4   | Reached skill level 5 in Stealth
 13823 | Lair:4   | Found a labyrinth entrance.
 14014 | Lair:5   | Noticed Nessos
 14039 | Lair:5   | Killed Nessos
 14306 | Lair:5   | Noticed Josephine
 14338 | Lair:5   | Killed Josephine
 14338 | Lair:5   | Reached skill level 14 in Shields
 14828 | Lair:5   | Paralysed by fainting for 9 turns
 14851 | Lair:5   | Paralysed by fainting for 10 turns
 14867 | Lair:5   | Paralysed by fainting for 8 turns
 14871 | Lair:5   | Slain by an elephant

Skill      XL: |  1  2  3  4  5  6  7  8  9 10 11 12 |
---------------+-------------------------------------+-----
Armour         | 4 5 6 |  6.5
Fighting       | 4 5 6 7 9 10 12 | 12.2
Shields        | 4 5 6 7 9 10 12 14 | 14.4
Dodging        | 1 2 3 4 5 7 8 |  8.6
Long Blades    | 3 4 6 7 9 10 12 13 | 13.4
Stealth        | 1 2 4 5 |  5.0
Evocations     | |  0.1

Action                   |  1- 3 |  4- 6 |  7- 9 | 10-12 || total
-------------------------+-------+-------+-------+-------++-------
Melee: Long sword        |   108 |   196 |   443 |   988 ||  1735
       Headbutt          |    13 |    39 |   106 |   266 ||   424
Evoke: Wand              |       |       |     3 |     2 ||     5
  Use: Scroll            |       |     5 |     1 |    16 ||    22
       Potion            |       |     1 |    12 |     7 ||    20
  Eat: Bread ration      |       |     2 |     1 |     3 ||     6
       Pizza             |       |     1 |     1 |       ||     2
       Royal jelly       |       |       |     1 |     1 ||     2
       Meat ration       |       |       |     2 |       ||     2
       Fruit             |       |       |       |     4 ||     4
Armor: Scale mail        |    59 |    77 |   104 |    18 ||   258
       Skin              |       |       |     7 |    88 ||    95
       Plate armour      |       |       |       |   254 ||   254
Dodge: Dodged            |    56 |    47 |   145 |   262 ||   510
Block: Shield            |    57 |    72 |   195 |   583 ||   907
